cohdb
Replays
Latest Replays
All Replays
Popular Replays
Top Player Replays
Match Explorer
How It Works
Community
CoH3 Stats
Reddit
Sign in to upload your games and track your stats! →
Sign in with Steam
Match 40835160
Unlisted
Match 40835160
Overview
Messages
Build Orders
End
Kradschützen Motorcycle Team
Panzergrenadier Squad
Selects Panzerjäger Kommand Battlegroup
Selects Mine Fields
Panzergrenadier Squad
Construct Light Support Kompanie
Assault Grenadier Squad
Selects Tank Busters
Fire Support Elements
2.5-tonne Medical Truck
Panzerjäger Mechanized Group
Flakvierling Half-track
Selects Defensive Positions
Pak 38 Anti-tank Gun Team
Selects Butterfly Bomb Drop
Butterfly Bomb Drop
Construct Panzerarmee Kommand
Butterfly Bomb Drop
Panzer III L Medium Tank
Rajoob
ibraheem.Alpha (A.AX)
anesdz1300(A.AX)
potatoo
カルト_くん
this profile name wasn't taken
Idiotic Pig
TURBOMAN
0
0
Comments
sign in to comment!
No comments posted yet!